 Dungeon Crawl Stone Soup version 0.27-a0-1416-g941b2bd30b (webtiles) character file.

Game seed: 15616480046966702310

4707 pyrow613 the Carver (level 10, -9/86 HPs)
             Began as a Demigod Gladiator on July 1, 2021.
             Mangled by a spatial maelstrom (19 damage)
             ... on level 2 of the Abyss.
             The game lasted 00:24:35 (10885 turns).

pyrow613 the Carver (Demigod Gladiator)            Turns: 10885, Time: 00:24:36

Health: -9/86      AC: 20    Str: 27    XL:     10   Next: 2%
Magic:  22/22      EV: 11    Int: 19    God:
Gold:   51         SH:  0    Dex: 15    Spells: 9/9 levels left

rFire    + . .     SeeInvis .   a - +0 long sword of Hausaco {elec, *Noise rElec MP+9 Int+5}
rCold    . . .     Faith    .   (no shield)
rNeg     . . .     Spirit   .   u - +1 scale mail of Paranoia {rPois rF+ Int+4}
rPois    +         Reflect  .   c - +0 helmet
rElec    +         Harm     .   l - +2 cloak
rCorr    .         Rampage  .   (no gloves)
Will     +....                  n - +0 pair of boots
Stlth    ..........             E - amulet of regeneration
HPRegen  0.00/turn              D - +4 ring of protection
MPRegen  0.18/turn              z - +4 ring of protection

@: diseased
A: high mp 1, forlorn
a: no special abilities


You were on level 2 of the Abyss.
You visited 1 branch of the dungeon, and saw 10 of its levels.
You visited the Abyss 1 time.
You also visited: Ossuary.

You collected 648 gold pieces.
You spent 597 gold pieces at shops.

Inventory:

Hand Weapons
 a - the +0 long sword of Hausaco (weapon) {elec, *Noise rElec MP+9 Int+5}
   (You found it on level 8 of the Dungeon)

   Occasionally, upon striking a foe, it can discharge electrical energy and
   cause terrible harm.
   Int:       It affects your intelligence (+5).
   rElec:     It insulates you from electricity.
   MP:        It affects your magic capacity (+9).
   *Noise:    It may make noises in combat.
 b - a +0 hunting sling
 r - a +0 dagger
Missiles
 d - 2 throwing nets
 j - a curare-tipped dart
 o - 14 poisoned darts
 C - 169 stones (quivered)
Armour
 c - a +0 helmet (worn)
 l - a +2 cloak (worn)
 n - a +0 pair of boots (worn)
 u - the +1 scale mail of Paranoia (worn) {rPois rF+ Int+4}
   (You found it on level 5 of the Dungeon)

   Int:       It affects your intelligence (+4).
   rF:        It protects you from fire.
   rPois:     It protects you from poison.
Magical Staves
 f - a staff of earth
Jewellery
 z - a +4 ring of protection (right hand)
 D - a +4 ring of protection (left hand)
 E - an amulet of regeneration (around neck)
Wands
 g - a wand of mindburst (4)
 p - a wand of iceblast (4)
 x - a wand of digging (6)
 G - a wand of polymorph (9)
Scrolls
 e - 5 scrolls of teleportation
 h - 3 scrolls of amnesia
 q - 2 scrolls of fog
 t - a scroll of blinking
 w - 2 scrolls of magic mapping
 y - a scroll of torment {unknown}
 A - 2 scrolls of brand weapon {unknown}
 F - a scroll of vulnerability {unknown}
 H - a scroll of identify
Potions
 k - 4 potions of curing
 m - a potion of heal wounds
 s - a potion of lignification
 v - a potion of degeneration
 B - a potion of magic


   Skills:
 - Level 7.0 Fighting
 * Level 12.0 Long Blades
 - Level 1.7 Throwing
 - Level 2.6 Dodging


You had 9 spell levels left.
You didn't know any spells.
Your spell library contained the following spells:

 Spells                   Type           Power      Damage    Failure   Level
 Animate Skeleton         Necr           0%         N/A       43%         1
 Apportation              Tloc           0%         N/A       43%         1
 Beastly Appendage        Tmut           0%         N/A       43%         1
 Corona                   Hex            0%         N/A       43%         1
 Pain                     Necr           0%         1d4       43%         1
 Sandblast                Erth           0%         2d4       43%         1
 Shock                    Conj/Air       0%         1d3       43%         1
 Summon Small Mammal      Summ           0%         N/A       43%         1
 Passwall                 Tmut/Erth      0%         N/A       58%         2
 Wereblood                Tmut           0%         N/A       58%         2
 Mephitic Cloud           Conj/Pois/Air  0%         N/A       82%         3
 Spider Form              Tmut/Pois      0%         N/A       82%         3
 Swiftness                Air            0%         N/A       82%         3
 Vampiric Draining        Necr           0%         2d6       82%         3
 Airstrike                Air            0%         N/A       99%         4
 Animate Dead             Necr           0%         N/A       99%         4
 Summon Lightning Spire   Summ/Air       0%         N/A       99%         4
 Fireball                 Conj/Fire      0%         3d3       100%        5
 Lee's Rapid Deconstruct  Erth           0%         3d5*      100%        5
 Silence                  Hex/Air        0%         N/A       100%        5
 Summon Forest            Summ/Tloc      0%         N/A       100%        5
 Eringya's Noxious Bog    Tmut/Pois      0%         N/A       100%        6
 Starburst                Conj/Fire      0%         8x6d3     100%        6
 Malign Gateway           Summ/Tloc      0%         N/A       100%        7
 Storm Form               Tmut/Air       0%         N/A       100%        7
 Summon Hydra             Summ           0%         N/A       100%        7
 Ignition                 Fire           0%         3d3       100%        8
 Maxwell's Capacitive Co  Air            0%         ∞         100%        8
 Summon Horrible Things   Summ           0%         N/A       100%        8


Dungeon Overview and Level Annotations

Branches:
Dungeon (10/15)            Temple (0/1) D:5            Lair (0/6) D:8
Ossuary (visited)
    Orc: D:9-12

Shops:
D:4 *   D:6 [   D:8 (=


Innate Abilities, Weirdness & Mutations

Your attributes grow dramatically as you level up.
You have an increased reservoir of magic. (+10% MP)
You shall have no god before yourself.


Message History

A spatial vortex comes into view.
The thrashing horror roars!
The thrashing horror tramples you but does no damage. x2
The thrashing horror roars!
The thrashing horror tramples you!
You stumble backwards!
The thrashing horror closely misses you.
The thrashing horror barely misses you.
A spatial vortex comes into view.
The thrashing horror tramples you but does no damage. x2
The thrashing horror closely misses you.
The thrashing horror tramples you but does no damage.
A spatial vortex comes into view.
The thrashing horror barely misses you.
The thrashing horror tramples you but does no damage. x3
A spatial vortex comes into view.
The thrashing horror roars!
The thrashing horror tramples you but does no damage. x2
The thrashing horror tramples you but does no damage.
The thrashing horror barely misses you.
The thrashing horror tramples you but does no damage.
The thrashing horror barely misses you.
A spatial vortex comes into view.
The thrashing horror tramples you but does no damage. x2
The spatial vortex hits you! Space warps horribly around you!!
* * * LOW HITPOINT WARNING * * *
A spatial vortex comes into view.
You slash the spatial vortex!
The spatial vortex is lightly damaged.
The thrashing horror tramples you but does no damage.
The thrashing horror barely misses you.
A spatial vortex comes into view.
The thrashing horror tramples you!
* * * LOW HITPOINT WARNING * * *
You hold your ground!
The thrashing horror tramples you but does no damage.
The spatial maelstrom barely misses you.
The spatial maelstrom hits you.
* * * LOW HITPOINT WARNING * * *
Space warps horribly around you!!
You die...

.# # . .## . ## # ##.. #
#.#.#. ## #.###.##.#.#
#####....v....## # #.
##.#..#...# ..#.#.#
#.#..#8vvXv##..#.#v. ...
#.....@X.x....## #vv...
......8v8#...#.#)..... #
...#.##.###.##.vv##v...v
. # ..#. ...v.#..#...#.
#.# ...##!..##.#..## #.#
.#. .#.#...### #.. ###.
#...# # #. ..### ....
#.. .#. #.v#.##.#


You could see a spatial maelstrom, 3 spatial vortices, an ancient zyme and 2
thrashing horrors.

Vanquished Creatures
  A troll (D:9)
  A wraith (D:9)
  6 yaks (D:8)
  2 steam dragons (D:7)
  A hell hound (Abyss:2)
  A water moccasin (D:8)
  An orc warrior (D:7)
  A sky beast (D:5)
  3 ice beasts
  A black bear (D:5)
  2 necrophages
  An ogre (D:6)
  2 centaurs (D:8)
  A kobold brigand (D:10)
  3 bullfrogs
  An elf zombie (Ossuary)
  A scorpion (D:6)
  A wyvern zombie (D:7)
  17 killer bees
  A wight (D:8)
  A howler monkey (D:7)
  2 centaur zombies
  3 bullfrog zombies (D:6)
  5 orc priests
  3 jellies
  A gnoll shaman (D:8)
  4 orc wizards
  2 mummies (Ossuary)
  2 howler monkey skeletons (D:7)
  14 gnolls
  3 adders
  A shadow imp (D:5)
  An ufetubus (D:6)
  3 worms (D:2)
  A dart slug (D:2)
  12 orcs
  17 bats
  A bat zombie (D:6)
  9 endoplasms
  3 goblins
  6 hobgoblins
  7 jackals
  4 kobolds
  3 quokkas
  9 ball pythons
  2 frilled lizards
  3 gnoll zombies (Ossuary)
  3 goblin zombies (Ossuary)
  2 hobgoblin zombies (Ossuary)
  4 orc zombies (Ossuary)
  8 rats
  3 rat zombies (D:6)
  A bush (D:8)
191 creatures vanquished.

Vanquished Creatures (others)
  A shadow imp (D:7)
1 creature vanquished.

Grand Total: 192 creatures vanquished

Notes
Turn   | Place    | Note
-------+----------+-------------------------------------------
     0 | D:1      | pyrow613 the Demigod Gladiator began the quest for the Orb.
     0 | D:1      | Reached XP level 1. HP: 17/17 MP: 3/3
   276 | D:1      | Reached skill level 3 in Long Blades
   284 | D:1      | Reached XP level 2. HP: 24/24 MP: 4/4
  1387 | D:2      | Reached XP level 3. HP: 25/30 MP: 5/5
  2373 | D:3      | Reached skill level 4 in Long Blades
  2373 | D:3      | Reached XP level 4. HP: 7/38 MP: 6/6
  3450 | D:4      | Found a sand-covered staircase.
  3455 | Ossuary  | Entered an ossuary
  3472 | Ossuary  | Reached XP level 5. HP: 40/46 MP: 7/7
  4436 | D:4      | Found Foikaas's Assorted Antiques.
  4520 | D:4      | Bought a pair of boots for 85 gold pieces
  4520 | D:4      | Bought a scroll of fog for 38 gold pieces
  4520 | D:4      | Bought a scroll of teleportation for 57 gold pieces
  4520 | D:4      | Bought 3 scrolls labelled MOAMIR TU BUL for 57 gold pieces
  4914 | D:5      | Entered Level 5 of the Dungeon
  4934 | D:5      | Found a staircase to the Ecumenical Temple.
  4934 | D:5      | Noticed a black bear
  4945 | D:5      | Killed a black bear
  4946 | D:5      | Reached skill level 5 in Long Blades
  4946 | D:5      | Reached XP level 6. HP: 53/53 MP: 8/8
  5043 | D:5      | Identified the +1 scale mail of Paranoia {rPois rF+ Int+4}
  5085 | D:5      | You fall into a shaft and drop 1 floor!
  5260 | D:6      | Reached skill level 5 in Fighting
  5308 | D:6      | Reached XP level 7. HP: 52/61 MP: 9/9
  5625 | D:5      | Reached skill level 6 in Long Blades
  6529 | D:6      | Found Xuxkaure's Antique Armour Boutique.
  6576 | D:7      | Reached XP level 8. HP: 57/71 MP: 10/10
  6665 | D:7      | Reached skill level 7 in Long Blades
  7441 | D:7      | Reached skill level 8 in Long Blades
  8029 | D:8      | Identified the +0 long sword of Hausaco {elec, *Noise rElec
                  | MP+9 Int+5}
  8271 | D:8      | Reached skill level 9 in Long Blades
  8424 | D:8      | Found Tuhaudi's Jewellery Shop.
  8448 | D:8      | Bought an amulet of regeneration for 360 gold pieces
  8639 | D:8      | Reached XP level 9. HP: 79/79 MP: 11/11
  8836 | D:8      | Found a staircase to the Lair.
  9066 | D:8      | Reached skill level 10 in Long Blades
  9178 | D:8      | Found Kopraxot's Antique Weapon Shoppe.
  9222 | D:8      | Reached skill level 11 in Long Blades
  9845 | D:9      | Got Sif Muna's Catalogue of Sinister Flight
 10621 | D:10     | Entered Level 10 of the Dungeon
 10674 | D:10     | Reached skill level 12 in Long Blades
 10674 | D:10     | Reached XP level 10. HP: 85/86 MP: 13/13
 10731 | D:10     | Noticed a wizard
 10732 | D:10     | Cast into level 2 of the Abyss (a wizard)
 10796 | Abyss:2  | Noticed a starcursed mass
 10808 | Abyss:2  | Noticed a cyan very ugly thing
 10808 | Abyss:2  | Noticed a cyan very ugly thing
 10811 | Abyss:2  | Noticed a thrashing horror
 10812 | Abyss:2  | Noticed a cyan very ugly thing
 10814 | Abyss:2  | Noticed a large abomination
 10822 | Abyss:2  | Noticed a large abomination
 10832 | Abyss:2  | Noticed a spatial maelstrom
 10837 | Abyss:2  | Noticed a rakshasa
 10869 | Abyss:2  | Noticed a thrashing horror
 10885 | Abyss:2  | Mangled by a spatial maelstrom

Illustrated notes

Levels and vault maps discovered:
D:1:      scummos_arrival_checkerplants, layout_loops_cross
D:2:      layout_basic, hellmonk_ecumenical_altar_leap_of_faith
D:3:      layout_loops_ring, nicolae_qazlal_general_emergency
D:4:      layout_layer_cave, serial_shops, shop, enter_ossuary_2, minivault_11
D:5:      layout_loops_ring, minmay_temple_entry_offerings
D:6:      layout_loops_ring, lemuel_zombie_altar_kikubaaqudgha, serial_shops,
          kennysheep_mini
D:7:      layout_loops_cross, roderic_batcave
D:8:      layout_layer_cave, eat_drink_and_be_merry_uskayaw, marbit_many_paths,
          fedhas_bush_and_centaur_altar, lair_entry_dummy, serial_shops,
          shop_fountains, shop
D:9:      layout_loops_ring, nicolae_ashenzari_panopticon,
          overflow_temple_1_default
D:10:     minmay_the_grid_plus [minmay_the_grid_minigrid_small_alt,
          minmay_the_grid_minigrid_large, minmay_the_grid_small_cups,
          minmay_the_grid_tiny_cups, minmay_the_grid_prize_big_room],
          layout_layer_cave, gammafunk_ghost_nasty_kobolds
Abyss:2:  base: Temple, bh_abyss_exit_grid, hangedman_decor_lopped,
          bh_abyss_xom_lugonu_altar, small_statue_intersection

Skill      XL: |  1  2  3  4  5  6  7  8  9 |
---------------+----------------------------+-----
Fighting       | 2 3 4 5 6 7 |  7.0
Long Blades    | 3 4 5 6 9 12 | 12.0
Throwing       | |  1.7
Dodging        | |  2.6

Action                   |  1- 3 |  4- 6 |  7- 9 | 10-12 || total
-------------------------+-------+-------+-------+-------++-------
Melee: Long sword        |    28 |       |   193 |    16 ||   237
       Falchion          |   108 |   149 |   206 |       ||   463
 Fire: Hunting sling     |       |       |     3 |       ||     3
Throw: Throwing net      |       |     2 |       |       ||     2
       Dart              |       |     3 |       |       ||     3
       Stone             |       |     2 |       |       ||     2
  Use: Scroll            |       |     6 |     7 |     3 ||    16
       Potion            |       |       |     1 |     1 ||     2
 Stab: Sleeping          |     2 |       |       |       ||     2
       Held in net/web   |       |     1 |       |       ||     1
Armor: Leather armour    |     6 |       |       |       ||     6
       Ring mail         |    42 |    29 |       |       ||    71
       Scale mail        |       |    21 |   279 |    71 ||   371
Dodge: Dodged            |    90 |    68 |   259 |    45 ||   462
       Rpst.: Long sword |     8 |       |    38 |     8 ||    54
       Falchion          |    17 |    18 |    36 |       ||    71

Table legend: (Time is in decaauts)
 A = Elapsed time spent in this place.
 B = Non-inter-level travel time spent in this place.
 C = Inter-level travel time spent in this place.
 D = Time resting spent in this place.
 E = Time spent auto-exploring this place.
 F = Levels seen in this place.
 G = Mean time per level.
                   A        B        C        D        E       F      G
               +--------+--------+--------+--------+--------+-----+--------+
         Total |  10866 |  10559 |    307 |   2131 |   6764 |  12 |  905.5 |
       Dungeon |   9999 |   9692 |    307 |   1627 |   6707 |  10 |  999.9 |
         Abyss |    132 |    132 |      0 |      0 |      0 |   1 |  132.0 |
       Ossuary |    734 |    734 |      0 |    504 |     57 |   1 |  734.0 |
               +--------+--------+--------+--------+--------+-----+--------+

Top non-repeatable levels by time:
     D:8: 1664 daAuts
     D:7: 1426 daAuts
     D:4: 1221 daAuts
     D:6: 1182 daAuts
     D:3: 1060 daAuts
     D:2: 1017 daAuts
     D:9: 950 daAuts
     D:1: 907 daAuts
 Ossuary: 734 daAuts
     D:5: 463 daAuts
 Abyss:2: 132 daAuts
    D:10: 105 daAuts
